 Dungeon Crawl Stone Soup version 0.19-a0-1168-g98094fc (webtiles) character file.

205 PurpleRed the Chopper (level 6, 0/72 HPs)
             Began as a Human Berserker on Aug 15, 2016.
             Was a Follower of Trog.
             Killed from afar by Dowan (14 damage)
             ... with a shard of ice
             ... on level 4 of the Dungeon.
             The game lasted 00:03:08 (463 turns).

PurpleRed the Chopper (Human Berserker)              Turns: 463, Time: 00:03:08

Health: 0/72       AC:  8    Str: 24    XL:     6   Next: 10%
Magic:  6/6        EV:  8    Int:  7    God:    Trog [*.....]
Gold:   22         SH:  3    Dex: 13    Spells: 0 memorised, 5 levels left

rFire  . . .     SeeInvis .     a - +0 hand axe
rCold  . . .     Gourm    .     d - +0 chain mail
rNeg   . . .     Faith    .     g - +0 buckler
rPois  .         Spirit   .     (no helmet)
rElec  .         Dismiss  .     (no cloak)
rCorr  .         Reflect  .     (no gloves)
MR     .....     Harm     .     (no boots)
Stlth  ..........               (no amulet)
                                (no ring)
                                (no ring)

@: berserking (expiring), very quick
A: no striking features
a: Berserk, Burn Spellbooks, Renounce Religion


You were on level 4 of the Dungeon.
You worshipped Trog.
Trog was aware of your devotion.
You were not hungry.

You visited 1 branch of the dungeon, and saw 4 of its levels.

You collected 22 gold pieces.

Inventory:

Hand Weapons
 a - a +0 hand axe (weapon)
 b - a +0 glaive
Missiles
 e - 23 bolts
Armour
 d - a +0 chain mail (worn)
 g - a +0 buckler (worn)
Scrolls
 h - 4 scrolls of identify
 i - a scroll of teleportation
Comestibles
 c - 2 bread rations
 f - a chunk of flesh


   Skills:
 + Level 4.2 Fighting
 * Level 5.2 Axes
 + Level 2.5 Armour
 - Level 2.0 Dodging


You had 5 spell levels left.
You didn't know any spells.

Dungeon Overview and Level Annotations

Branches:
Dungeon (4/15)
 Temple: D:4-7

Altars:

Annotations:
D:4 Dowan


Message History

Duvessa is almost dead.
You hit Dowan. Dowan completely misses you.
You hit Duvessa.
You kill Duvessa!
Trog accepts your kill.
Dowan seems overcome with grief, but rights himself reflexively soon after.
Dowan seems to find hidden reserves of power!
Your Fighting skill increases to level 4!
Your Axes skill increases to level 5!
You have reached level 6!
Your experience leads to an increase in your attributes!
Your base attributes are Str 18, Int 7, Dex 13.
Increase (S)trength, (I)ntelligence, or (D)exterity?
You feel stronger.
You closely miss Dowan.
Dowan casts a spell.
Dowan blinks!
Dowan casts a spell at you. The shard of ice hits you!
You die...

......... .........
##.......## #
#.......>.# .#
#.........# ##...
..........##.....
#.......ยง).......
#..................
g......$.@.!.......
#.................#
..................##
.###....(..........#
.. #......##.e.....##
#..##.#.............#
..................#
............).....#
............##....#


You could see Dowan.

Vanquished Creatures
  Duvessa (D:4)
  A hound (D:3)
  An orc wizard (D:4)
  Ijyb (D:2)
  A worm (D:2)
  2 giant geckos
  3 orcs (D:4)
  2 goblins (D:3)
  A kobold (D:1)
  2 bats
  A giant newt (D:2)
  A quokka skeleton (D:4)
  A rat (D:1)
18 creatures vanquished.

Notes
Turn   | Place    | Note
-------+----------+-------------------------------------------
     0 | D:1      | PurpleRed the Human Berserker began the quest for the Orb.
     0 | D:1      | Reached XP level 1. HP: 18/18 MP: 1/1
   181 | D:2      | Reached XP level 2. HP: 24/24 MP: 2/2
   186 | D:2      | Noticed Ijyb
   242 | D:2      | Killed Ijyb
   242 | D:2      | Reached skill level 4 in Axes
   242 | D:2      | Reached XP level 3. HP: 29/29 MP: 3/3
   277 | D:3      | Reached XP level 4. HP: 25/37 MP: 4/4
   436 | D:4      | Reached XP level 5. HP: 19/42 MP: 5/5
   448 | D:4      | Noticed Dowan
   451 | D:4      | Noticed Duvessa
   462 | D:4      | Killed Duvessa
   462 | D:4      | Reached skill level 5 in Axes
   462 | D:4      | Reached XP level 6. HP: 14/48 MP: 6/6
   463 | D:4      | Killed from afar by Dowan

Vault maps used:
D:1:      dpeg_arrival_oval, minmay_tetromino_o2
D:2:      fiery_altar_vehumet, first_bread, uniq_iyjb
D:3:      marbit_many_paths, uniq_grinder
D:4:      uniq_duvessa

Skill      XL: |  1  2  3  4  5 |
---------------+----------------+-----
Axes           | 4 5 |  5.2
Fighting       | 4 |  4.2
Armour         | |  2.5
Dodging        | |  2.0

Action                   |  1- 3 |  4- 6 || total
-------------------------+-------+-------++-------
Melee: Hand axe          |    48 |    28 ||    76
Invok: Berserk           |     2 |     1 ||     3
  Use: Scroll            |       |     1 ||     1
  Eat: Chunk             |       |     1 ||     1
Armor: Chain mail        |    36 |    16 ||    52
       Animal skin       |     3 |       ||     3
Dodge: Dodged            |    16 |     6 ||    22
Block: Buckler           |       |     6 ||     6
